AoeStats
← Moist-bunny2

Arena

509784314Analyzed
3v3 RM · 5d ago on Sep 28, 2026· 55m 46s· 6 players
Game mode
Random Map
Map size
Normal (6 player)
Population
200
Speed
Normal
Resources
Standard
Victory
Conquest
Starting age
Dark Age
Ending age
Imperial Age
RankedLock teamsTeams togetherTeam positionsShared explorationLock speedFull tech treeHidden civsTurbo modeCheats
Victory
Defeat
🇦🇺 Varangians · Australia
894
+15
🇵🇪 Byzantines · Peru
847
+17
🇩🇪 Malay · Germany
845
+17
🇨🇱 Teutons · Chile
905
-17
🇨🇱 Romans · Chile
896
-17
🇦🇷 Gurjaras · Argentina
825
-15
Walls vs Zombies 2009
12:57 Feudal Age
13:03 Feudal Age
16:30 Castle Age
14:29 Double-Bit Axe
15:08 Horse Collar
16:20 Bow Saw
17:33 Gold Mining
17:44 Heavy Plow
18:12 Loom
22:02 Wheelbarrow
22:48 Gold Shaft Mining
23:02 Hand Cart
24:03 Town Watch
25:12 Stone Mining
26:17 Redemption
26:19 Forging
28:42 Imperial Age
27:48 Iron Casting
27:35 Ballistics
29:41 Chemistry
29:42 Blast Furnace
29:42 Crop Rotation
29:48 Stone Shaft Mining
28:48 Elite Battle Elephant
29:29 Husbandry
29:36 Scale Barding Armor
30:24 Fletching
31:33 Bodkin Arrow
31:39 Padded Archer Armor
33:48 Forced Levy
33:10 Man-at-Arms
33:50 Squires
33:36 Arson
33:52 Bracer
35:14 Conscription
34:19 Long Swordsman
35:30 Guilds
36:53 Siege Engineers
36:29 Treadmill Crane
36:59 Masonry
36:23 Two-Handed Swordsman
37:16 Padded Archer Armor
37:07 Elite Karambit Warrior
38:16 Crossbowman
39:02 Thumb Ring
38:30 Elite Skirmisher
39:39 Arbalester
40:03 Pikeman
40:54 Halberdier
43:33 Leather Archer Armor
48:03 Light Cavalry
48:31 Heavy Scorpion
51:53 Ring Archer Armor
55:41 Bombard Tower
Atila
0:29 Loom
12:21 Feudal Age
13:01 Double-Bit Axe
12:58 Horse Collar
20:37 Castle Age
19:38 Stone Mining
19:40 Gold Mining
21:29 Wheelbarrow
21:35 Bow Saw
21:28 Heavy Plow
26:40 Imperial Age
25:13 Fortified Wall
26:19 Scale Mail Armor
26:29 Forging
28:12 Conscription
29:55 Crop Rotation
29:48 Fletching
30:53 Squires
30:52 Pikeman
33:23 Two-Man Saw
33:06 Halberdier
35:25 Chemistry
35:14 Chain Mail Armor
35:44 Gold Shaft Mining
36:22 Stone Shaft Mining
37:28 Plate Mail Armor
37:33 Iron Casting
38:02 Ballistics
38:13 Bodkin Arrow
45:26 Hand Cart
46:24 Murder Holes
46:48 Bracer
46:45 Crossbowman
47:30 Thumb Ring
48:28 Arbalester
49:13 Padded Archer Armor
Moist-bunny2
10:24 Feudal Age
12:04 Horse Collar
12:10 Double-Bit Axe
17:28 Castle Age
16:18 Gold Mining
16:18 Stone Mining
16:25 Stone Mining
16:51 Loom
20:00 Wheelbarrow
21:40 Fletching
22:37 Murder Holes
24:07 Treadmill Crane
26:51 Bow Saw
27:25 Heavy Plow
30:47 Pikeman
31:27 Squires
32:39 Squires
32:42 Scale Mail Armor
33:52 Chain Mail Armor
33:47 Forging
34:38 Forging
39:41 Imperial Age
38:01 Hand Cart
39:07 Iron Casting
40:07 Arson
39:44 Halberdier
40:57 Plate Mail Armor
43:35 Blast Furnace
43:26 Conscription
46:58 Elite Varangian Guard
49:30 Scale Barding Armor
49:22 Bodkin Arrow
49:55 Elite Jarl
50:58 Chain Barding Armor
53:04 Plate Barding Armor
52:43 Bloodlines
52:33 Husbandry
vladimirpolaris
5:50 Loom
13:44 Feudal Age
18:40 Castle Age
16:44 Double-Bit Axe
22:27 Bow Saw
23:05 Gold Mining
26:52 Imperial Age
25:24 Forging
29:12 Wheelbarrow
30:45 Fortified Wall
31:36 Chemistry
31:54 Heavy Scorpion
34:44 Ballistics
34:36 Horse Collar
35:11 Pikeman
36:00 Squires
36:51 Fletching
37:10 Ballistas
37:17 Halberdier
41:31 Murder Holes
Mosquita Original
10:08 Feudal Age
8:23 Loom
14:15 Castle Age
13:09 Double-Bit Axe
23:15 Wheelbarrow
23:06 Gold Mining
22:58 Horse Collar
24:41 Heavy Plow
24:54 Bow Saw
27:30 Hand Cart
30:06 Imperial Age
30:15 Imperial Age
28:11 Stone Mining
28:49 Town Watch
30:21 Bloodlines
30:40 Scale Mail Armor
30:50 Forging
30:46 Scale Barding Armor
31:59 Chemistry
30:34 Capped Ram
31:04 Elite Teutonic Knight
32:08 Crenellations
33:15 Chain Mail Armor
33:35 Iron Casting
33:21 Chain Barding Armor
34:39 Stone Shaft Mining
36:50 Plate Mail Armor
37:20 Blast Furnace
38:07 Onager
39:57 Pikeman
44:11 Halberdier
47:04 Squires
46:50 Gambesons
46:51 Arson
47:14 Siege Onager
50:03 Cavalier
52:00 Paladin
LongaChilena
12:52 Feudal Age
13:25 Double-Bit Axe
17:48 Castle Age
17:06 Horse Collar
19:16 Stone Mining
19:58 Scale Barding Armor
23:25 Husbandry
25:59 Heavy Plow
27:39 Forging
28:12 Wheelbarrow
32:11 Iron Casting
32:33 Town Watch
33:12 Bow Saw
33:32 Chain Barding Armor
34:01 Bloodlines
41:09 Gold Mining
41:04 Light Cavalry
45:22 Imperial Age
42:42 Loom
43:16 Hand Cart
43:40 Gold Shaft Mining
47:49 Fortified Wall
Connection lost

Rejoining the realm…

Still unreachable

The connection could not be restored.

Session expired

The server has moved on; the page needs a fresh start.